 Dungeon Crawl Stone Soup version 0.31.0-11-ge490571c62 (webtiles) character file.

Game seed: 7181189615280023154

2 Goblin1989 the Sneak (level 1, -9/18 HPs)
             Began as a Demonspawn Delver on Feb 3, 2024.
             Killed from afar by an orc wizard (10 damage)
             ... with a puff of flame
             ... on level 5 of the Dungeon.
             The game lasted 00:00:40 (80 turns).

Goblin1989 the Sneak (Demonspawn Delver)              Turns: 80, Time: 00:00:40

Health: -9/18      AC:  3    Str: 12    XL:     1   Next: 25%
Magic:  1/1        EV: 11    Int: 10    God:
Gold:   0          SH:  0    Dex: 14    Spells: 0/0 levels left

rFire   . . .        a - +0 mace
rCold   . . .        (no shield)
rNeg    . . .        b - +0 leather armour
rPois   .            (no helmet)
rElec   .            (no cloak)
rCorr   .            (no gloves)
SInv    +            (no boots)
Will    .....        (no amulet)
Stlth   +            h - ring of see invisible
HPRegen 0.23/turn    (no ring)
MPRegen 0.07/turn

%: no passive effects
@: confused
A: no striking features
a: no special abilities


You were on level 5 of the Dungeon.
You visited 1 branch of the dungeon, and saw 1 of its levels.

Inventory:

Hand Weapons
 a - a +0 mace (weapon)
Armour
 b - a +0 leather armour (worn)
Jewellery
 h - a ring of see invisible (left hand)
Wands
 g - a wand of digging (3) {@v3}
Scrolls
 c - a scroll of fog
 d - a scroll of revelation
 e - a scroll of fear
Potions
 f - a potion of haste {@q3,}


   Skills:
 - Level 3.0 Fighting
 + Level 2.0 Maces & Flails
 - Level 1.7 Dodging
 - Level 4.5 Stealth


You couldn't memorise any spells.
You didn't know any spells.
Your spell library was empty.

Dungeon Overview and Level Annotations

Branches:
Dungeon (5/15) Zot: 5915
 Temple: D:4-7

Altars:


Message History

Bad monster_list_colour key: strict_neutral Options error: Unknown explore stop condition 'gates' (Goblin1989.rc:83) Welcome, Goblin1989 the Demonspawn Delver.
Will you be the one to retrieve the transcendent Orb of Zot from the depths?
Press ? for a list of commands and other information.
Found a stone staircase leading down.
A bombardier beetle comes into view.
An orc comes into view. It is wielding a +0 short sword.
Found an ivory ring.
h - a ring of see invisible
Okay, then.
h - a ring of see invisible (left hand)
An orc comes into view. It is wielding a +0 club.
An orc comes into view. It is wielding a +0 club.
The orc shouts! x2; You hear a shout! x2
An orc wizard comes into view. It is wielding a +0 dagger.
The orc wizard mumbles some strange words.
The orc wizard flickers and vanishes for a moment.
An orc comes into view. It is wielding a +0 club.
The orc closely misses you.
You hit the orc but do no damage. The orc hits you with a +0 club.
You take 4 damage, and have 14/18 hp.
MASSIVE DAMAGE!!
You hit the orc.
The orc is heavily wounded.
The orc hits you with a +0 club. x2
You take 4 damage, and have 10/18 hp.
MASSIVE DAMAGE!!
You hit the orc.
The orc is severely wounded.
The orc misses you.
You hit the orc but do no damage.
The orc is severely wounded.
The orc hits you but does no damage.
You hit the orc but do no damage.
The orc is severely wounded.
The orc misses you. The orc hits you with a +0 club.
You take 1 damage, and have 9/18 hp.
You hit the orc but do no damage.
The orc is heavily wounded.
The orc hits you with a +0 club.
* * * LOW HITPOINT WARNING * * *
You take 4 damage, and have 5/18 hp.
MASSIVE DAMAGE!!
You hit the orc.
You kill the orc!
Your Maces & Flails skill increases to level 2!
You closely miss the orc wizard. The orc wizard casts a spell at you.
You resist with significant effort.
You hit the orc wizard but do no damage.
The orc wizard closely misses you.
The orc wizard hits you with a +0 dagger.
* * * LOW HITPOINT WARNING * * *
You take 2 damage, and have 4/18 hp.
You hit the orc wizard but do no damage.
The orc wizard hits you with a +0 dagger.
* * * LOW HITPOINT WARNING * * *
You take 1 damage, and have 3/18 hp.
You hit the orc wizard.
The orc wizard is moderately wounded.
The orc wizard gestures at you while chanting.
You are confused.
You bump into the rock wall.
The orc wizard misses you.
You bump into the rock wall.
The orc wizard hits you with a +0 dagger.
* * * LOW HITPOINT WARNING * * *
You take 1 damage, and have 3/18 hp.
You bump into the rock wall.
The orc wizard closely misses you.
You closely miss the orc wizard.
The orc wizard is lightly wounded.
The orc wizard closely misses you.
You bump into the rock wall.
The orc wizard hits you with a +0 dagger.
* * * LOW HITPOINT WARNING * * *
You take 2 damage, and have 1/18 hp.
You hit the orc wizard but do no damage.
The orc wizard is lightly wounded.
An adder comes into view.
The orc wizard casts a spell at you.
You are more confused.
The orc wizard points at you and mumbles some strange words.
The puff of flame hits you!
Ouch! That really hurt!
You die...

█......█
█.███.█
.....█.█..███.█
█.█ █.█
█.█......███.█
█.█.████.....█
..█......█.███
......██...█
....... ██.██
..B.o.. █.█ █@█


█o█ ███o████ █..o...█ █.█S██.█ █.█....█ . ███oo█ ██.███..█ █......█ You could
see an orc wizard, an adder (wandering) and 2 orcs.

Vanquished Creatures
  An orc (D:5)
1 creature vanquished.

Notes
Turn   | Place    | Note
-------+----------+-------------------------------------------
     0 | D:5      | Goblin1989 the Demonspawn Delver began the quest for the
                  | Orb.
     0 | D:5      | Reached XP level 1. HP: 18/18 MP: 1/1
    10 | D:5      | Noticed a bombardier beetle
    49 | D:5      | Noticed an orc wizard
    80 | D:5      | Killed from afar by an orc wizard

Illustrated notes

Levels and vault maps discovered:
D:5:      layout_loops_cross, kennysheep_mini, minmay_hedge_maze

Skill      XL: |  1 |
---------------+----+-----
Maces & Flails | 2 |  2.0
Fighting       | |  3.0
Dodging        | |  1.7
Stealth        | |  4.5

Action                     || total
---------------------------++-------
  Melee: Mace              ||    13
 Armour: Leather armour    ||    11
  Dodge: Dodged            ||     7
